AoeStats
← samuel_ojeda

Scandinavia

510426409Analyzed
1v1 RM · 15h ago on Oct 1, 2026· 30m 19s· 2 players
Game mode
Random Map
Map size
Tiny (2 player)
Population
200
Speed
Normal
Resources
Standard
Victory
Conquest
Starting age
Dark Age
Ending age
Imperial Age
RankedLock teamsTeams togetherTeam positionsShared explorationLock speedFull tech treeHidden civsTurbo modeCheats
Victory
Defeat
🇹🇷 Shu · Türkiye
1427
+16
🇦🇷 Mongols · Argentina
1419
-16
samuel_ojeda
8:35 Feudal Age
8:47 Man-at-Arms
12:51 Fletching
13:53 Loom
15:41 Padded Archer Armor
17:36 Double-Bit Axe
22:26 Castle Age
23:50 Bloodlines
23:29 Light Cavalry
25:55 Bow Saw
26:03 Scale Barding Armor
RubyMess
6:21 Loom
9:23 Feudal Age
10:10 Double-Bit Axe
19:11 Castle Age
19:09 Fletching
19:44 Padded Archer Armor
20:11 Bow Saw
19:48 Fishing Lines
20:43 Crossbowman
21:54 Bodkin Arrow
26:52 Leather Archer Armor
28:13 Ballistics
27:49 Pikeman
28:51 Squires
29:04 Gold Mining
30:17 Town Watch
Connection lost

Rejoining the realm…

Still unreachable

The connection could not be restored.

Session expired

The server has moved on; the page needs a fresh start.